AoeStats
← Gauthier

Arena

505511101Analyzed
1v1 RM · 23d ago on Sep 9, 2026· 45m 21s· 2 players
Game mode
Random Map
Map size
Tiny (2 player)
Population
200
Speed
Normal
Resources
Standard
Victory
Conquest
Starting age
Dark Age
Ending age
Imperial Age
RankedLock teamsTeams togetherTeam positionsShared explorationLock speedFull tech treeHidden civsTurbo modeCheats
Victory
Defeat
🇹🇷 Bohemians · Türkiye
674
+16
🇫🇷 Celts · France
665
-16
Gauthier
9:46 Loom
12:31 Feudal Age
15:01 Double-Bit Axe
15:00 Horse Collar
22:11 Castle Age
20:11 Stone Mining
20:15 Gold Mining
19:51 Man-at-Arms
20:46 Arson
21:34 Padded Archer Armor
21:54 Fletching
24:13 Heavy Plow
24:54 Gold Shaft Mining
24:41 Scale Mail Armor
24:55 Long Swordsman
25:21 Gambesons
25:03 Elite Skirmisher
26:23 Leather Archer Armor
26:42 Crossbowman
27:43 Bodkin Arrow
29:06 Treadmill Crane
30:37 Forging
31:51 Wheelbarrow
31:02 Town Watch
32:20 Bow Saw
32:48 Stronghold
34:28 Chain Mail Armor
34:49 Iron Casting
35:59 Ballistics
36:50 Stone Shaft Mining
39:42 Imperial Age
38:07 Town Patrol
38:24 Masonry
40:49 Conscription
40:18 Two-Handed Swordsman
41:27 Siege Engineers
43:15 Ring Archer Armor
43:46 Blast Furnace
44:30 Plate Mail Armor
GREEN
2:46 Loom
7:26 Loom
9:29 Feudal Age
16:47 Castle Age
15:04 Double-Bit Axe
17:03 Forging
16:53 Scale Mail Armor
17:55 Horse Collar
20:12 Sanctity
19:58 Pikeman
21:24 Redemption
21:57 Bow Saw
30:52 Heavy Plow
34:35 Imperial Age
33:30 Iron Casting
33:10 Chain Mail Armor
36:20 Chemistry
35:58 Hussite Reforms
37:24 Blast Furnace
36:54 Plate Mail Armor
37:01 Wheelbarrow
37:39 Block Printing
37:54 Illumination
38:04 Illumination
39:49 Theocracy
39:29 Wagenburg Tactics
38:58 Halberdier
39:26 Elite Hussite Wagon
41:38 Plate Mail Armor
41:24 Hand Cart
43:47 Fervor
43:40 Houfnice
44:24 Squires
Connection lost

Rejoining the realm…

Still unreachable

The connection could not be restored.

Session expired

The server has moved on; the page needs a fresh start.